 Dungeon Crawl Stone Soup version 0.26.1 (webtiles) character file.

Game seed: 195167377945196087

413 Gadfly the Unbeliever (level 6, -4/47 HPs)
             Began as a Demonspawn Monk on Feb 5, 2021.
             Slain by an ogre
             ... wielding a +0 giant club
              (28 damage)
             ... on level 4 of the Dungeon.
             The game lasted 00:04:27 (5308 turns).

Gadfly the Unbeliever (Demonspawn Monk)             Turns: 5308, Time: 00:04:28

Health: -4/47      AC:  5    Str: 14    XL:     6   Next: 59%
Magic:  9/9        EV: 12    Int: 11    God:
Gold:   183        SH:  4    Dex: 15    Spells: 5/5 levels left

rFire    + . .     SeeInvis +   b - +2 scythe (flame)
rCold    . . .     Faith    .   (shield currently unavailable)
rNeg     . . .     Spirit   .   e - +0 ring mail (curse)
rPois    .         Reflect  .   (no helmet)
rElec    .         Harm     .   (no cloak)
rCorr    .         Rampage  .   (no gloves)
Will     .....                  (no boots)
Stlth    +.........             (no amulet)
HPRegen  0.15/turn              (no ring)
MPRegen  0.11/turn              g - ring of see invisible

@: no status effects
A: claws 1, large bone plates 1, fire resistance 1, flame cloud immunity
a: no special abilities


You were on level 4 of the Dungeon.
You visited 1 branch of the dungeon, and saw 4 of its levels.

You collected 183 gold pieces.

Inventory:

Hand Weapons
 a - a +0 hand axe
 b - a +2 scythe of flaming (weapon)
 j - a +0 short sword of draining
Armour
 e - a cursed +0 ring mail (worn)
 f - a +2 ring mail of cold resistance
 h - a +0 plate armour
Jewellery
 g - a ring of see invisible (right claw)
Scrolls
 i - a scroll of fog
 k - a scroll of teleportation
 n - a scroll of enchant armour
 p - a scroll of magic mapping
Potions
 c - 5 potions of curing
 d - a potion of flight
 m - a potion of heal wounds


   Skills:
 - Level 3.0 Fighting
 + Level 3.5 Axes
 * Level 3.1 Armour
 - Level 2.6 Dodging
 - Level 1.7 Stealth
 * Level 4.7 Invocations
 * Level 3.3 Evocations


You had 5 spell levels left.
You didn't know any spells.
Your spell library was empty.

Dungeon Overview and Level Annotations

Branches:
Dungeon (4/15)
 Temple: D:4-7

Altars:
Zin

Annotations:
D:4 Dowan, Duvessa


Innate Abilities, Weirdness & Mutations

You have sharp fingernails.
You are partially covered in large bone plates. (SH +4)
Your flesh is heat resistant. (rF+)
You are immune to clouds of flame.


Message History

You feel sick.
You feel sick.
You feel sick.
You feel sick.
You are no longer poisoned.
An ogre comes into view. It is wielding a +0 giant club.
An ogre is nearby!
You see here a worker ant corpse.
Your +2 scythe of flaming bursts into flame!
b - a +2 scythe of flaming (weapon)
Okay, then.
Okay, then.
Found a potion of curing.
You barely miss the ogre. You block the ogre's attack.
The ogre hits you with a +0 giant club!
You hit the ogre. You burn the ogre.
The ogre is moderately wounded.
The ogre hits you with a +0 giant club!!
Ouch! That really hurt!
You die...

..........##
... .......#
#.. #.....# .
##..##.<..# ..
..........##...
...............
......††.......
≈.PP...........
♣≈≈P##.@.......
≈≈.P #.O.......


PPP ......##... ..........# ... #####....+ .. #....# !....# .....# You could see
an ogre.

Vanquished Creatures
  Sigmund (D:2)
  A worker ant (D:4)
  10 adders
  4 gnolls (D:3)
  An ooze (D:3)
  2 dart slugs (D:1)
  2 worms
  4 leopard geckos
  2 orcs (D:3)
  4 giant cockroaches
  9 goblins
  12 hobgoblins
  11 jackals
  8 kobolds
  A quokka (D:2)
  5 bats
  3 frilled lizards
  13 rats
93 creatures vanquished.

Vanquished Creatures (others)
  9 plants (D:4)
9 creatures vanquished.

Grand Total: 102 creatures vanquished

Notes
Turn   | Place    | Note
-------+----------+-------------------------------------------
     0 | D:1      | Gadfly the Demonspawn Monk began the quest for the Orb.
     0 | D:1      | Reached XP level 1. HP: 18/18 MP: 1/1
   513 | D:1      | Reached skill level 1 in Invocations
   513 | D:1      | Gained mutation: You have sharp fingernails. [demonic
                  | ancestry]
   513 | D:1      | Reached XP level 2. HP: 18/24 MP: 2/2
  1175 | D:1      | Reached skill level 1 in Armour
  1175 | D:1      | Reached skill level 1 in Evocations
  1180 | D:1      | Reached skill level 2 in Invocations
  1347 | D:1      | Gained mutation: You are partially covered in large bone
                  | plates. (SH +4) [demonic ancestry]
  1347 | D:1      | Reached XP level 3. HP: 26/29 MP: 4/4
  2183 | D:2      | Gained mutation: Your flesh is heat resistant. (rF+)
                  | [demonic ancestry]
  2183 | D:2      | Reached XP level 4. HP: 17/35 MP: 5/5
  2458 | D:2      | Noticed Sigmund
  2485 | D:2      | Killed Sigmund
  2486 | D:2      | Reached skill level 4 in Invocations
  2486 | D:2      | Gained mutation: You are immune to clouds of flame.
                  | [demonic ancestry]
  2486 | D:2      | Reached XP level 5. HP: 18/41 MP: 6/8
  3003 | D:2      | Reached XP level 6. HP: 45/47 MP: 9/9
  4622 | D:3      | Found a glowing silver altar of Zin.
  5211 | D:4      | Noticed Duvessa
  5211 | D:4      | Noticed Dowan
  5308 | D:4      | Slain by an ogre

Illustrated notes

Levels and vault maps discovered:
D:1:      dpeg_arrival_another_circle, layout_loops_corners, minmay_vboxes
D:2:      layout_loops_ring, uniq_sigmund
D:3:      layout_loops_corners, overflow_temple_1_default,
          kennysheep_generic_room_9
D:4:      layout_gridville, serial_bayou, serial_bayou_lagoon_a,
          serial_bayou_crossing, serial_bayou_shore_a, serial_bayou_shore_b,
          minmay_misc_feat_four_crosses, minivault_14, uniq_duvessa

Skill      XL: |  1  2  3  4  5  6 |
---------------+-------------------+-----
Invocations    | 1 2 4 |  4.7
Armour         | 1 2 3 |  3.1
Evocations     | 1 2 3 |  3.3
Axes           | 3 |  3.5
Fighting       | |  3.0
Dodging        | |  2.6
Stealth        | |  1.7

Action                   |  1- 3 |  4- 6 || total
-------------------------+-------+-------++-------
Melee: Hand axe          |   157 |   205 ||   362
       Scythe            |       |    15 ||    15
  Use: Scroll            |     7 |     5 ||    12
       Potion            |     1 |     2 ||     3
 Stab: Sleeping          |     7 |     1 ||     8
Armor: Robe              |    10 |       ||    10
       Ring mail         |    51 |    63 ||   114
Dodge: Dodged            |    52 |   145 ||   197
Block: Other             |    14 |    41 ||    55
